[Event "Titled Tuesday Blitz October 25 Late 2022"]
[White "Levine, David"]
[Black "Petrovic, Aleksa"]
[WhiteFideId "2011611"]
[BlackFideId "967629"]
[WhiteElo "2219"]
[BlackElo "2242"]
[Result "1-0"]
[Round "02"]
[TimeControl "180+1"]
[Date "2022.10.26"]
[WhiteClock "0:01:01"]
[BlackClock "0:00:16"]

1. d4 Nf6 2. c4 e6 3. g3 d5 4. Bg2 Be7 5. Nf3 O-O 6. O-O b6 7. cxd5 exd5 8. Ne5 Bb7 9. Qa4 c5 10. Nc3 Re8 11. Bf4 cxd4 12. Qxd4 Bc5 13. Qd2 g5 14. Nxf7 Kxf7 15. Bxg5 Nc6 16. Nxd5 Ne7 17. Bxf6 Nxd5 18. Bxd8 Raxd8 19. Qh6 Kg8 20. Rad1 Kh8 21. Bxd5 Rxd5 22. Rxd5 Bxd5 23. Qf6+ Kg8 24. Qg5+ Kf8 25. Qxd5 Rxe2 26. Qf3+ 1-0


[Site "https://www.chess.com"]

[Event "Titled Tuesday Blitz October 25 Late 2022"]
[White "Lewicki, Miroslaw"]
[Black "Ibarra Jerez, Jose Carlos"]
[WhiteFideId "1113380"]
[BlackFideId "2226332"]
[WhiteElo "2236"]
[BlackElo "2627"]
[Result "0-1"]
[Round "02"]
[TimeControl "180+1"]
[Date "2022.10.26"]
[WhiteClock "0:00:05"]
[BlackClock "0:00:21"]

1. g3 Nf6 2. Bg2 g6 3. Nf3 Bg7 4. O-O O-O 5. b3 d6 6. Bb2 e5 7. d4 e4 8. Nfd2 e3 9. fxe3 Ng4 10. Rf3 Re8 11. Nf1 c5 12. Nc3 Nc6 13. Nd5 Be6 14. Nf4 Bf5 15. h3 Nf6 16. g4 Be4 17. Rf2 Bxg2 18. Rxg2 Ne4 19. c3 Qg5 20. Qd3 Re7 21. Ng3 Rae8 22. Nxe4 Rxe4 23. Rg3 cxd4 24. cxd4 Nxd4 25. Rd1 Nf5 26. Bxg7 Nxg3 27. Bd4 Rxf4 28. exf4 Qxf4 29. Bf2 Nxe2+ 30. Kf1 Qh2 31. Qf3 Nf4 32. Rxd6 Nxh3 33. Bd4 Qxd6 0-1


[Site "https://www.chess.com"]

[Event "Titled Tuesday Blitz October 25 Late 2022"]
[White "Lindholt, Malik"]
[Black "Mazurkiewicz, Michal"]
[WhiteFideId "1404490"]
[BlackFideId "1124943"]
[WhiteElo "1983"]
[BlackElo "2063"]
[Result "0-1"]
[Round "02"]
[TimeControl "180+1"]
[Date "2022.10.26"]
[WhiteClock "0:00:07"]
[BlackClock "0:00:19"]

1. e4 d6 2. d4 Nf6 3. Nc3 c6 4. f4 Qb6 5. Nf3 Bg4 6. Be2 Bxf3 7. Bxf3 e5 8. fxe5 dxe5 9. d5 Bc5 10. dxc6 Nxc6 11. Nd5 Nxd5 12. Qxd5 Rd8 13. Qb3 O-O 14. Qxb6 Bxb6 15. c3 f5 16. Bg5 Rde8 17. Rd1 h6 18. Bh4 g5 19. Bg3 g4 20. Be2 f4 21. Bf2 f3 22. gxf3 gxf3 23. Bc4+ Kh7 24. Bxb6 axb6 25. Rd7+ Re7 26. Rxe7+ Nxe7 27. Kf2 Ng6 28. Rd1 h5 29. Rd7+ Kh6 30. Rxb7 Nh4 31. Rxb6+ Kg5 32. a4 Kf4 33. a5 Ng2 34. a6 Ne3 35. Bd5 Ng4+ 36. Kf1 Nxh2+ 37. Kf2 Ng4+ 38. Kf1 Ke3 39. Bc4 Rd8 40. Ke1 Nh2 41. Rf6 Ng4 42. Rf7 h4 43. a7 h3 44. Rd7 Rxd7 45. a8=Q f2+ 46. Kf1 Rd1# 0-1


[Site "https://www.chess.com"]

[Event "Titled Tuesday Blitz October 25 Late 2022"]
[White "Liu, Kelsey"]
[Black "Ozates, Tuna"]
[WhiteFideId "30944481"]
[BlackFideId "6354521"]
[WhiteElo "2299"]
[BlackElo "2151"]
[Result "0-1"]
[Round "02"]
[TimeControl "180+1"]
[Date "2022.10.26"]
[WhiteClock "0:00:03"]
[BlackClock "0:01:37"]

1. e4 Nf6 2. e5 Nd5 3. d4 d6 4. Nf3 dxe5 5. c4 e4 6. cxd5 exf3 7. Qxf3 Nd7 8. Nc3 g6 9. Bc4 Bg7 10. O-O O-O 11. Be3 a6 12. a4 Rb8 13. Rfe1 b6 14. Bg5 Nf6 15. Ne4 Bb7 16. Nxf6+ exf6 17. Bf4 Qd7 18. Qg3 Rbc8 19. Re3 b5 20. axb5 axb5 21. Bd3 Bxd5 22. Rae1 Rfe8 23. h4 c6 24. h5 f5 25. Be5 f6 26. hxg6 fxe5 27. Qh3 hxg6 28. Rg3 e4 29. Be2 Qd6 30. Rg5 0-1


[Site "https://www.chess.com"]

[Event "Titled Tuesday Blitz October 25 Late 2022"]
[White "Machidon, Cristi"]
[Black "Hansen, Eric"]
[WhiteFideId "13904590"]
[BlackFideId "2606771"]
[WhiteElo "2312"]
[BlackElo "2568"]
[Result "1-0"]
[Round "02"]
[TimeControl "180+1"]
[Date "2022.10.26"]
[WhiteClock "0:00:17"]
[BlackClock "0:00:02"]

1. d4 Nf6 2. c4 e6 3. Nf3 b6 4. g3 Ba6 5. b3 Bb4+ 6. Bd2 Be7 7. Nc3 d5 8. cxd5 exd5 9. Bg2 O-O 10. Ne5 c6 11. O-O Nfd7 12. Nf3 Re8 13. Rc1 Ba3 14. Rc2 h6 15. Re1 Bd6 16. Bc1 Nf6 17. Nh4 Nbd7 18. Nf5 Bb4 19. a3 Bf8 20. b4 Bc4 21. Rd2 a5 22. bxa5 b5 23. e4 Qxa5 24. Bb2 Bxa3 25. Bxa3 Qxa3 26. Re3 dxe4 27. Nxe4 Qa1 28. Nxf6+ Nxf6 29. Bxc6 Rxe3 30. Nxe3 Bb3 31. Qxa1 Rxa1+ 32. Kg2 b4 33. d5 Ne4 34. Rb2 Ra3 35. Nf5 Nf6 36. d6 Be6 37. Nd4 Rd3 38. Rxb4 Bd7 39. Bxd7 Nxd7 40. Kf1 g6 41. Ke2 Ra3 42. Rb7 Nf6 43. d7 Ra2+ 44. Kd3 Ra3+ 45. Kc2 Ra8 46. Nc6 Nxd7 47. Rxd7 Ra2+ 48. Kc3 Rxf2 49. Rd2 Rf6 50. Nd4 h5 51. Kd3 h4 52. g4 Kg7 53. Ke3 Ra6 54. Nf3 1-0


[Site "https://www.chess.com"]

[Event "Titled Tuesday Blitz October 25 Late 2022"]
[White "Maksimovic, Bojan"]
[Black "Senthil Maran K"]
[WhiteFideId "14408120"]
[BlackFideId "25035681"]
[WhiteElo "2447"]
[BlackElo "2109"]
[Result "1-0"]
[Round "02"]
[TimeControl "180+1"]
[Date "2022.10.26"]
[WhiteClock "0:00:51"]
[BlackClock "0:00:07"]

1. e4 c5 2. Nf3 g6 3. d4 cxd4 4. Nxd4 Nc6 5. Nc3 Bg7 6. Be3 Nf6 7. Nxc6 bxc6 8. e5 Ng8 9. Bd4 Nh6 10. e6 f6 11. exd7+ Qxd7 12. Bc4 Nf7 13. Be3 O-O 14. Qxd7 Bxd7 15. O-O-O Bf5 16. Bc5 Rfe8 17. Rhe1 e5 18. Ne4 Be6 19. Bb3 f5 20. Nd6 Nxd6 21. Rxd6 Bxb3 22. axb3 Rec8 23. Rd7 a5 24. c3 Bf6 25. Kc2 Rd8 26. Red1 e4 27. Bb6 Rxd7 28. Rxd7 a4 29. bxa4 Rxa4 30. Rd6 Be5 31. Rxc6 Bxh2 32. g3 f4 33. Rc8+ Kf7 34. Rc7+ Ke6 35. gxf4 h5 36. Be3 Kf5 37. Rc5+ Kf6 38. Rg5 Ra6 39. Rg2 Kf5 40. Rxh2 Ra8 41. Rg2 Rh8 42. Rg5+ Kf6 43. Bd4+ Kf7 44. Bxh8 1-0


[Site "https://www.chess.com"]

[Event "Titled Tuesday Blitz October 25 Late 2022"]
[White "Malka, Samuel"]
[Black "Vasquez Garrido, Nuremberg"]
[WhiteFideId "20643675"]
[BlackFideId "4432118"]
[WhiteElo "2459"]
[BlackElo "2062"]
[Result "0-1"]
[Round "02"]
[TimeControl "180+1"]
[Date "2022.10.26"]
[WhiteClock "0:00:02"]
[BlackClock "0:00:17"]

1. d4 Nc6 2. Nf3 d5 3. c4 Bf5 4. cxd5 Qxd5 5. Nc3 Qa5 6. Bd2 O-O-O 7. e3 e5 8. d5 Nb4 9. e4 Bg4 10. a3 Na6 11. Nb5 Qb6 12. h3 Bd7 13. Nc3 Bc5 14. Qe2 Nf6 15. b4 Bd4 16. Nxd4 exd4 17. Nd1 Nxe4 18. Qd3 Rhe8 19. Be2 Bf5 20. Qf3 Bg6 21. Bf4 Rxd5 22. O-O Rf5 23. Nb2 Nd2 24. Bxd2 Rxf3 25. Bxf3 Be4 26. Bg4+ f5 27. Bh5 g6 28. Bd1 Bd5 29. Nd3 Bc4 30. Bc2 Re2 31. Rfd1 Qf6 32. Nf4 Re8 33. Rac1 g5 34. Nd3 f4 35. Nc5 Nxc5 36. bxc5 Bd5 37. Ba4 c6 38. Ba5 Qf5 39. Bc2 Qf6 40. Rd2 h5 41. Rcd1 g4 42. hxg4 hxg4 43. Rxd4 f3 44. Rxg4 fxg2 45. Rg6 Qf3 46. Bc3 Qxc3 47. Bf5+ Kb8 0-1


[Site "https://www.chess.com"]

[Event "Titled Tuesday Blitz October 25 Late 2022"]
[White "Mickiewicz, Piotr"]
[Black "Bayo Milagro, Alvaro"]
[WhiteFideId "1114891"]
[BlackFideId "22275240"]
[WhiteElo "2246"]
[BlackElo "2270"]
[Result "0-1"]
[Round "02"]
[TimeControl "180+1"]
[Date "2022.10.26"]
[WhiteClock "0:00:42"]
[BlackClock "0:02:07"]

1. Nf3 Nf6 2. b3 d5 3. Bb2 e6 4. e3 Be7 5. Be2 O-O 6. c4 b6 7. Qc2 Bb7 8. Rg1 c5 9. g4 Nc6 10. a3 d4 11. exd4 cxd4 12. d3 e5 13. Nbd2 Nd7 14. Ne4 a5 15. g5 Qc7 16. Nfd2 Nd8 17. Bg4 Ne6 18. Bxe6 fxe6 19. O-O-O Nc5 20. Rde1 b5 21. Kb1 bxc4 22. bxc4 Rab8 23. Ka2 Bc6 24. Nxc5 Bxc5 25. Ne4 Be7 26. Bc1 Qb7 0-1


[Site "https://www.chess.com"]

[Event "Titled Tuesday Blitz October 25 Late 2022"]
[White "Mihajlov, Sebastian"]
[Black "Rasulov, Vugar"]
[WhiteFideId "1512110"]
[BlackFideId "13402390"]
[WhiteElo "2464"]
[BlackElo "2509"]
[Result "0-1"]
[Round "02"]
[TimeControl "180+1"]
[Date "2022.10.26"]
[WhiteClock "0:00:05"]
[BlackClock "0:00:27"]

1. e4 c5 2. Nf3 e6 3. d4 cxd4 4. Nxd4 Nc6 5. Nc3 Qc7 6. Be3 a6 7. Qf3 Nf6 8. O-O-O Ne5 9. Qg3 b5 10. Bxb5 axb5 11. Ndxb5 Qb8 12. Bf4 d6 13. Rxd6 Bxd6 14. Nxd6+ Qxd6 15. Bxe5 Qc5 16. Bd6 Qc6 17. e5 Nd7 18. Qxg7 Rf8 19. Rd1 Bb7 20. f3 Qb6 21. Qg5 Qd8 22. Qxd8+ Rxd8 23. Bxf8 Kxf8 24. a4 Ke7 25. f4 Bxg2 26. b4 Rc8 27. Kb2 Nb6 28. a5 Nd5 29. Nxd5+ Bxd5 30. f5 Rc4 31. f6+ Kd7 32. c3 Kc6 33. Rg1 Re4 34. Rg7 Re2+ 35. Kc1 Rxe5 36. Rxf7 Rf5 37. a6 e5 38. a7 Rf1+ 39. Kd2 Ra1 40. Re7 Kd6 41. Rxh7 Ra3 42. b5 Ke6 43. f7 Ke7 44. b6 Kf8 45. c4 Bc6 46. c5 e4 47. Rh8+ Kxf7 48. Rc8 e3+ 49. Kc2 Be4+ 50. Kb2 e2 51. Kxa3 e1=Q 52. c6 Qa5+ 0-1


[Site "https://www.chess.com"]

[Event "Titled Tuesday Blitz October 25 Late 2022"]
[White "Milikow, Yoav"]
[Black "Sibilio, Mario"]
[WhiteFideId "2822237"]
[BlackFideId "800422"]
[WhiteElo "2341"]
[BlackElo "2296"]
[Result "1-0"]
[Round "02"]
[TimeControl "180+1"]
[Date "2022.10.26"]
[WhiteClock "0:00:16"]
[BlackClock "0:00:01"]

1. d4 d6 2. c4 e5 3. d5 Nf6 4. Nc3 a5 5. e4 Na6 6. Be3 Ng4 7. Bc1 f5 8. Be2 Nf6 9. exf5 Bxf5 10. Be3 Be7 11. Nf3 Ng4 12. Bd2 Nc5 13. O-O O-O 14. h3 Nf6 15. Be3 Nfe4 16. Nxe4 Nxe4 17. Nd2 b6 18. Nxe4 Bxe4 19. Qd2 Qd7 20. Bg4 Bf5 21. f3 Rf7 22. b3 g6 23. a3 h5 24. Bxf5 Qxf5 25. b4 axb4 26. axb4 Rxa1 27. Rxa1 e4 28. f4 Bf6 29. Rf1 Bg7 30. c5 bxc5 31. bxc5 g5 32. cxd6 cxd6 33. Qa5 Bh6 34. Qd8+ Kh7 35. Qxd6 gxf4 36. Bd4 Rd7 37. Qb8 Qxd5 38. Qh8+ Kg6 39. Qe8+ Kh7 40. Rd1 Bg7 41. Kh2 Bxd4 42. Kh1 f3 43. g4 e3 44. Rxd4 f2+ 45. Kh2 Qxd4 46. Qxh5+ 1-0


[Site "https://www.chess.com"]

[Event "Titled Tuesday Blitz October 25 Late 2022"]
[White "Naroditsky, Daniel"]
[Black "Atakishiyev, Elmar"]
[WhiteFideId "2026961"]
[BlackFideId "13410547"]
[WhiteElo "2628"]
[BlackElo "2203"]
[Result "1-0"]
[Round "02"]
[TimeControl "180+1"]
[Date "2022.10.26"]
[WhiteClock "0:00:48"]
[BlackClock "0:00:11"]

1. e4 e6 2. d4 d5 3. Nd2 dxe4 4. Nxe4 Bd7 5. Nf3 Bc6 6. Bd3 Nd7 7. O-O Ngf6 8. Ned2 Be7 9. b3 O-O 10. Bb2 Bxf3 11. Nxf3 c6 12. c4 a5 13. a3 c5 14. Qc2 cxd4 15. Nxd4 Nc5 16. Be2 Rc8 17. Rad1 Qb6 18. Nb5 Rfd8 19. Bf3 h6 20. Bd4 Qa6 21. b4 Ncd7 22. Qb3 Nb6 23. Be2 axb4 24. axb4 Qa4 25. Qxa4 Nxa4 26. c5 Nd5 27. Ra1 Ra8 28. Bd1 Nac3 29. Bxc3 Nxc3 30. Rxa8 Nxb5 31. Rxd8+ Bxd8 32. Bf3 b6 33. Rd1 Bc7 34. Rd7 bxc5 35. Bc6 1-0


[Site "https://www.chess.com"]

[Event "Titled Tuesday Blitz October 25 Late 2022"]
[White "Novik, Maxim"]
[Black "Jensen, Matthew R"]
[WhiteFideId "4102924"]
[BlackFideId "2018110"]
[WhiteElo "2312"]
[BlackElo "2296"]
[Result "1-0"]
[Round "02"]
[TimeControl "180+1"]
[Date "2022.10.26"]
[WhiteClock "0:01:09"]
[BlackClock "0:00:35"]

1. e4 c6 2. d4 d5 3. exd5 cxd5 4. Bd3 Nc6 5. c3 Qc7 6. h3 e6 7. Nf3 Bd6 8. O-O Nge7 9. Re1 Ng6 10. Qe2 O-O 11. b3 f6 12. c4 Nce7 13. g3 Bb4 14. Rd1 Nf5 15. c5 Ba5 16. a3 Qf7 17. b4 Bc7 18. Nc3 Rd8 19. Re1 e5 20. dxe5 fxe5 21. Ng5 Qf6 22. Nxd5 Rxd5 23. Bc4 Be6 24. Nxe6 Qxe6 25. Qe4 Rad8 26. Bg5 R8d7 27. Rad1 Nd4 28. Rxd4 1-0


[Site "https://www.chess.com"]

[Event "Titled Tuesday Blitz October 25 Late 2022"]
[White "Omariev, Maksim"]
[Black "Salimova, Nurgyul"]
[WhiteFideId "4193423"]
[BlackFideId "2915138"]
[WhiteElo "2431"]
[BlackElo "2315"]
[Result "0-1"]
[Round "02"]
[TimeControl "180+1"]
[Date "2022.10.26"]
[WhiteClock "0:01:04"]
[BlackClock "0:00:23"]

1. g4 a5 2. Bg2 Na6 3. d4 e6 4. h4 h5 5. g5 g6 6. c4 Bg7 7. Nc3 Ne7 8. e4 d6 9. Nge2 c5 10. Be3 Bd7 11. Qd2 Nc6 12. O-O-O cxd4 13. Nxd4 Ne5 14. b3 a4 15. Ndb5 O-O 16. Nxa4 Nc7 17. Nb6 Bxb5 18. cxb5 Nxb5 19. Nxa8 Qxa8 20. a4 Rc8+ 21. Kb1 Nc3+ 22. Ka1 Nxa4 23. Qa2 Nd3+ 0-1


[Site "https://www.chess.com"]

[Event "Titled Tuesday Blitz October 25 Late 2022"]
[White "Osiecki, Stanislaw"]
[Black "Moreno Perez, Tobias Sebastian"]
[WhiteFideId "1102990"]
[BlackFideId "186716"]
[WhiteElo "2088"]
[BlackElo "2457"]
[Result "0-1"]
[Round "02"]
[TimeControl "180+1"]
[Date "2022.10.26"]
[WhiteClock "0:00:55"]
[BlackClock "0:01:10"]

1. e4 e5 2. Nf3 Nc6 3. Bb5 a6 4. Bxc6 dxc6 5. O-O Qd6 6. d3 Nf6 7. Be3 Bg4 8. Nbd2 Nd7 9. h3 Bh5 10. Qe1 f6 11. Nc4 Qe6 12. Nh2 Bc5 13. c3 O-O 14. b4 Bxe3 15. Nxe3 Nb6 16. a4 Rad8 17. Qd2 Bg6 18. f3 Rd7 19. d4 Rfd8 20. Rfd1 Nc4 21. Nxc4 Qxc4 22. Qb2 exd4 23. cxd4 Rxd4 24. Rxd4 Rxd4 25. Rb1 Qd3 26. Ng4 Bf7 27. Nf2 Qe3 28. Kh1 Rd2 0-1


[Site "https://www.chess.com"]

[Event "Titled Tuesday Blitz October 25 Late 2022"]
[White "Osmak, Yuliia"]
[Black "Andreikin, Dmitry"]
[WhiteFideId "14101602"]
[BlackFideId "4158814"]
[WhiteElo "2328"]
[BlackElo "2736"]
[Result "0-1"]
[Round "02"]
[TimeControl "180+1"]
[Date "2022.10.26"]
[WhiteClock "0:00:32"]
[BlackClock "0:01:37"]

1. d4 f5 2. Nc3 d5 3. Bf4 Nf6 4. e3 e6 5. Nf3 a6 6. Bd3 c5 7. dxc5 Bxc5 8. O-O Nc6 9. Ne2 Qe7 10. c4 e5 11. cxd5 exf4 12. dxc6 fxe3 13. Ned4 O-O 14. Kh1 f4 15. fxe3 fxe3 16. Qb3+ Kh8 17. Rae1 bxc6 18. Nxc6 Qc7 19. Nce5 Bb7 20. Bc4 Bxf3 21. Nxf3 Ne4 22. Re2 Rab8 23. Qc2 Nf2+ 24. Kg1 Rb6 25. Bd3 Rh6 26. Rxe3 Ng4 27. Nd4 Qxh2# 0-1


[Site "https://www.chess.com"]

[Event "Titled Tuesday Blitz October 25 Late 2022"]
[White "Ozdemir, Serhan Berat"]
[Black "Karacsonyi, Gellert"]
[WhiteFideId "6374611"]
[BlackFideId "764620"]
[WhiteElo "2016"]
[BlackElo "2308"]
[Result "0-1"]
[Round "02"]
[TimeControl "180+1"]
[Date "2022.10.26"]
[WhiteClock "0:00:01"]
[BlackClock "0:01:14"]

1. e4 c5 2. Nf3 Nc6 3. Bb5 g6 4. Bxc6 dxc6 5. d3 Bg7 6. h3 Nf6 7. Nc3 Nd7 8. Be3 e5 9. Qd2 Qe7 10. O-O Nf8 11. Nh2 Ne6 12. Ne2 O-O 13. Rae1 f5 14. exf5 gxf5 15. f4 e4 16. dxe4 fxe4 17. Ng4 Rd8 18. Qc1 Nd4 19. c3 Nxe2+ 20. Rxe2 Be6 21. f5 Bc4 22. f6 Qe6 23. fxg7 Bxe2 24. Nh6+ Kxg7 25. Nf5+ Qxf5 26. Bh6+ Kg6 27. Rxf5 Rd1+ 28. Kf2 Rxc1 0-1


[Site "https://www.chess.com"]

[Event "Titled Tuesday Blitz October 25 Late 2022"]
[White "Ozen, Bahadir"]
[Black "Nozdrachev, Leonid"]
[WhiteFideId "6337058"]
[BlackFideId "24113433"]
[WhiteElo "2503"]
[BlackElo "2249"]
[Result "1/2-1/2"]
[Round "02"]
[TimeControl "180+1"]
[Date "2022.10.26"]
[WhiteClock "0:01:11"]
[BlackClock "0:01:28"]

1. g3 Nf6 2. Bg2 g6 3. d3 Bg7 4. Nf3 O-O 5. O-O d5 6. c3 Nc6 7. Nbd2 e5 8. Qc2 e4 9. dxe4 dxe4 10. Nxe4 Nxe4 11. Qxe4 Re8 12. Qd3 Qe7 13. Be3 Bf5 14. Qb5 Be4 15. Rad1 a6 16. Qb3 Na5 17. Qa4 b6 18. Bg5 Qe6 19. Qd7 Qxa2 20. Qxc7 Rac8 21. Qxb6 Nc4 22. Qa7 Qxb2 23. Qxa6 Qxe2 24. Rfe1 Qc2 25. Rc1 Qd3 26. Rcd1 Qc2 27. Rc1 Qd3 28. Rcd1 Qc2 1/2-1/2


[Site "https://www.chess.com"]

[Event "Titled Tuesday Blitz October 25 Late 2022"]
[White "Ozsakallioglu, Okan"]
[Black "Kravtsiv, Martyn"]
[WhiteFideId "6367011"]
[BlackFideId "14113147"]
[WhiteElo "2078"]
[BlackElo "2694"]
[Result "1-0"]
[Round "02"]
[TimeControl "180+1"]
[Date "2022.10.26"]
[WhiteClock "0:00:06"]
[BlackClock "0:00:04"]

1. e4 e5 2. Nf3 Nc6 3. Bb5 a6 4. Bxc6 dxc6 5. O-O Bg4 6. h3 h5 7. d3 Qf6 8. Be3 Bxf3 9. Qxf3 Qxf3 10. gxf3 f6 11. Nd2 g5 12. Rfd1 O-O-O 13. Kf1 Ne7 14. Ke2 Ng6 15. Rab1 c5 16. a3 Be7 17. b4 cxb4 18. axb4 Rd7 19. b5 axb5 20. Rxb5 b6 21. Ra1 Kb7 22. Nc4 Ra8 23. Rxa8 Kxa8 24. Bxb6 Nf4+ 25. Kf1 Nxh3 26. Be3 Nf4 27. Na5 Rd8 28. Nc6 Re8 29. d4 Bd6 30. c4 exd4 31. Bxd4 Ne6 32. Bxf6 h4 33. Bxg5 h3 34. Kg1 Rg8 35. e5 Nxg5 36. Kh2 Nxf3+ 37. Kxh3 Ba3 38. Ra5+ Kb7 39. Rxa3 Ng5+ 40. Kh4 Kxc6 41. Rg3 Rf8 42. Kxg5 Rxf2 43. Rg4 Kd7 44. Rf4 Rc2 45. Kf6 Re2 46. Rd4+ Kc6 47. Ke6 Kc5 48. Rf4 Kb4 49. Kf6 Kc5 50. e6 Kc6 51. e7 Kc5 52. Kf7 1-0


[Site "https://www.chess.com"]

[Event "Titled Tuesday Blitz October 25 Late 2022"]
[White "Pap, Gyula"]
[Black "Ballester Llagaria, Luis Eduardo"]
[WhiteFideId "725323"]
[BlackFideId "2297620"]
[WhiteElo "2519"]
[BlackElo "2344"]
[Result "1-0"]
[Round "02"]
[TimeControl "180+1"]
[Date "2022.10.26"]
[WhiteClock "0:01:08"]
[BlackClock "0:00:32"]

1. g3 d5 2. Nf3 Bg4 3. Bg2 c6 4. O-O Nd7 5. b3 e5 6. Bb2 Bd6 7. d4 e4 8. Ne5 Nxe5 9. dxe5 Bc5 10. c4 Ne7 11. Nc3 a6 12. cxd5 cxd5 13. Rc1 Ba7 14. Ba3 Be6 15. Kh1 h5 16. h3 Ng6 17. Bd6 h4 18. Nxd5 Bxd5 19. Qxd5 hxg3 20. fxg3 Qd7 21. e6 Qxe6 22. Qxe6+ fxe6 23. Bxe4 Rxh3+ 24. Kg2 Rh6 25. Rc7 Rd8 26. Bxg6+ 1-0


[Site "https://www.chess.com"]

[Event "Titled Tuesday Blitz October 25 Late 2022"]
[White "Papasimakopoulos, Alexandros"]
[Black "Ljukin, Sergei"]
[WhiteFideId "4244125"]
[BlackFideId "14102200"]
[WhiteElo "2357"]
[BlackElo "2312"]
[Result "1-0"]
[Round "02"]
[TimeControl "180+1"]
[Date "2022.10.26"]
[WhiteClock "0:01:42"]
[BlackClock "0:00:03"]

1. d4 d5 2. c4 c6 3. cxd5 cxd5 4. Bf4 Nf6 5. Nc3 Nc6 6. e3 Bf5 7. Qb3 Na5 8. Qa4+ Bd7 9. Qc2 e6 10. Bd3 Nc6 11. h3 Nb4 12. Qd1 Nxd3+ 13. Qxd3 Be7 14. Nf3 O-O 15. O-O Rc8 16. Ne5 Be8 17. Rac1 Nd7 18. Rc2 Nxe5 19. Bxe5 f6 20. Bg3 Bg6 21. e4 dxe4 22. Nxe4 Rxc2 23. Qxc2 Qxd4 24. Re1 f5 25. Qc3 Qxc3 26. Nxc3 f4 27. Bh2 Bf5 28. f3 g5 29. Kh1 Rd8 30. Bg1 Rd2 31. Bxa7 Rxb2 32. Bd4 Rd2 33. Be5 Bc5 34. Ne4 Bxe4 35. fxe4 Bf2 36. Rb1 Bg3 37. a4 Re2 38. Bc3 Rxe4 39. Rxb7 Rxa4 40. Rg7+ Kf8 41. Rxg5 Rc4 42. Bb2 Rb4 43. Ba3 1-0


[Site "https://www.chess.com"]

[Event "Titled Tuesday Blitz October 25 Late 2022"]
[White "Pein, Jonathan"]
[Black "Kaplan, Ebru"]
[WhiteFideId "417092"]
[BlackFideId "6315194"]
[WhiteElo "2240"]
[BlackElo "1941"]
[Result "1-0"]
[Round "02"]
[TimeControl "180+1"]
[Date "2022.10.26"]
[WhiteClock "0:00:20"]
[BlackClock "0:00:09"]

1. e4 c5 2. Nf3 d6 3. d4 cxd4 4. Nxd4 Nf6 5. Nc3 a6 6. Nb3 e5 7. f4 Be7 8. fxe5 dxe5 9. Bg5 Nc6 10. Qxd8+ Bxd8 11. O-O-O O-O 12. Bc4 b5 13. Bd3 Bg4 14. Rdf1 h6 15. Be3 Be7 16. h3 Be6 17. g4 Rac8 18. Kb1 Nb4 19. g5 hxg5 20. Bxg5 Nxd3 21. cxd3 Bxb3 22. axb3 Rfe8 23. Bxf6 Bxf6 24. Rhg1 Re6 25. Nd5 Kf8 26. Rf5 Bd8 27. Rgf1 f6 28. h4 Kf7 29. h5 Be7 30. R5f3 Rh8 31. Rh1 Rc6 32. Rf5 Bc5 33. Rhf1 Be7 34. Rxe5 Bd6 35. Ref5 Ke6 36. Nxf6 gxf6 37. Rxf6+ Ke5 38. R1f5+ Kd4 39. Rd5+ Ke3 40. Rfxd6 Rcc8 41. Rxa6 Kd2 42. h6 Rhg8 43. Rxb5 Rg1+ 44. Ka2 Rcc1 45. b4 Ra1+ 46. Kb3 Rxa6 47. Rh5 Rg8 48. h7 Rh8 49. Kc4 Ra7 50. d4 Rc7+ 51. Kd5 Kd3 52. e5 Rd7+ 53. Kc6 Rxd4 54. b5 Rdd8 55. b6 Rc8+ 56. Kd7 Rcd8+ 57. Kc6 Rc8+ 58. Kb5 Kd4 59. e6 Rb8 60. e7 Rbc8 61. Ka6 Ra8+ 62. Kb7 Rab8+ 63. Kc7 Rbc8+ 64. Kd7 Rb8 65. Rh6 Rbc8 66. b7 Rb8 67. Kc7 Kc4 68. Rc6+ Kd5 69. Rd6+ Ke5 70. Rd8 1-0


[Site "https://www.chess.com"]

[Event "Titled Tuesday Blitz October 25 Late 2022"]
[White "Petrova, Irina"]
[Black "Arabidze, Meri"]
[WhiteFideId "14124122"]
[BlackFideId "13604040"]
[WhiteElo "2023"]
[BlackElo "2403"]
[Result "1-0"]
[Round "02"]
[TimeControl "180+1"]
[Date "2022.10.26"]
[WhiteClock "0:00:09"]
[BlackClock "0:00:07"]

1. e4 c5 2. Nf3 e6 3. c4 Nc6 4. Nc3 Nd4 5. g3 Ne7 6. Bg2 Nec6 7. O-O Be7 8. d3 O-O 9. a3 a6 10. Rb1 b5 11. Nxd4 Nxd4 12. Ne2 bxc4 13. dxc4 e5 14. b4 d6 15. Nc3 Be6 16. Nd5 Bxd5 17. exd5 cxb4 18. axb4 Rc8 19. Be3 Rxc4 20. Qd3 Qc7 21. Bxd4 exd4 22. Rfe1 Bf6 23. Bf1 Rc3 24. Qxa6 g6 25. b5 d3 26. b6 Qc5 27. Bxd3 Qxd5 28. Be4 Qd2 29. b7 Bd4 30. Re2 Rc1+ 31. Rxc1 Qxc1+ 32. Kg2 Qc7 33. Rc2 Bc5 34. Bd5 Kg7 35. Qa1+ f6 36. Qe1 h5 37. Re2 Qb6 38. Re7+ Kh6 39. Qd2+ g5 40. Qd3 f5 41. Re6+ Kh7 42. Qe2 Rf7 43. Qxh5+ Kg7 44. Qh6+ Kg8 45. Re8# 1-0


[Site "https://www.chess.com"]

[Event "Titled Tuesday Blitz October 25 Late 2022"]
[White "Pham, Khoi"]
[Black "Floresvillar Gonzalez, Luis Migu"]
[WhiteFideId "1054988"]
[BlackFideId "5100542"]
[WhiteElo "2459"]
[BlackElo "2040"]
[Result "1-0"]
[Round "02"]
[TimeControl "180+1"]
[Date "2022.10.26"]
[WhiteClock "0:01:17"]
[BlackClock "0:00:19"]

1. g4 d5 2. Bg2 c6 3. c4 e6 4. d4 Bb4+ 5. Bd2 Bxd2+ 6. Nxd2 Ne7 7. Ngf3 Nd7 8. e4 dxe4 9. Nxe4 Qa5+ 10. Nc3 Nf6 11. Ne5 Ng6 12. Nd3 Nh4 13. Kf1 Nxg2 14. Kxg2 Qg5 15. h3 h5 16. f4 Qg6 17. Ne5 Qh6 18. g5 Qh7 19. gxf6 gxf6 20. Nf3 Rg8+ 21. Kh2 Bd7 22. Qb1 Qh6 23. Qe4 O-O-O 24. Rhg1 f5 25. Qe3 f6 26. d5 e5 27. Ne2 e4 28. Nfd4 cxd5 29. cxd5 Kb8 30. Rac1 h4 31. Nc6+ Bxc6 32. dxc6 bxc6 33. Rxc6 Rxg1 34. Kxg1 Qg7+ 35. Kf2 Rg8 36. Qb3+ Ka8 37. Ke3 Qd7 38. Qxg8+ Kb7 39. Rc3 a5 40. Rb3+ 1-0


[Site "https://www.chess.com"]

[Event "Titled Tuesday Blitz October 25 Late 2022"]
[White "Pinheiro, Iung Alicio de O."]
[Black "Svane, Rasmus"]
[WhiteFideId "2104350"]
[BlackFideId "4657101"]
[WhiteElo "2283"]
[BlackElo "2674"]
[Result "1/2-1/2"]
[Round "02"]
[TimeControl "180+1"]
[Date "2022.10.26"]
[WhiteClock "0:00:10"]
[BlackClock "0:00:20"]

1. e4 c6 2. Nc3 d5 3. Nf3 dxe4 4. Nxe4 Nf6 5. Qe2 Nxe4 6. Qxe4 Qa5 7. Bc4 Bf5 8. Qf4 e6 9. O-O Be7 10. c3 O-O 11. d4 Nd7 12. Re1 Qd8 13. h3 Nb6 14. Bb3 Bd6 15. Qg5 h6 16. Qh5 Qf6 17. Ne5 c5 18. Be3 Rac8 19. Qf3 c4 20. Bd1 Nd5 21. Nd7 Qg6 22. Nxf8 Rxf8 23. Qh5 Qf6 24. Qf3 b5 25. g4 Bg6 26. Qxf6 Nxf6 27. Bf3 Rb8 28. a3 Kf8 29. Kg2 a5 30. h4 Bd3 31. g5 hxg5 32. hxg5 Nd5 33. Rh1 Ke7 34. Rh4 Kd7 35. Bxd5 exd5 36. Bf4 Re8 37. Bxd6 Kxd6 38. Rf4 Re7 39. Rh1 Kc6 40. Rh8 b4 41. axb4 axb4 42. Rf8 Bg6 43. Rc8+ Kb5 44. Rb8+ Kc6 45. Rxb4 Re2 46. Rb8 Kc7 47. Rf8 Rxb2 48. R8xf7+ Bxf7 49. Rxf7+ Kd6 50. Rxg7 Ke6 51. Kg3 Rc2 52. f4 Rxc3+ 53. Kg4 Rc1 54. f5+ Kd6 55. Rg8 c3 56. f6 c2 57. f7 Rf1 58. Rc8 Rxf7 59. Rxc2 Rf1 60. Re2 Rd1 61. g6 Rxd4+ 62. Kg5 Rd1 63. g7 Rg1+ 64. Kf6 Rf1+ 65. Kg6 Rg1+ 66. Kf7 Rf1+ 67. Ke8 Rg1 68. Kf8 Rf1+ 69. Kg8 d4 70. Rh2 Kd5 71. Kh7 Rg1 72. Kh6 Kc4 73. Rh5 Rxg7 74. Kxg7 d3 75. Rh8 d2 76. Rc8+ Kd3 77. Rd8+ Ke2 78. Re8+ Kd3 79. Rd8+ Ke2 80. Re8+ Kd3 81. Rd8+ 1/2-1/2


[Site "https://www.chess.com"]